 Dungeon Crawl Stone Soup version 0.26.1-11-gd32895ea62 (webtiles) character file.

Game seed: 16500983174237907093

2880 Exodus22XD the Cleaver (level 9, -7/79 HPs)
             Began as a Hill Orc Monk on May 9, 2021.
             Was a High Priest of Beogh.
             Mangled by a two-headed ogre
             ... wielding a +0 giant club
              (29 damage)
             ... on level 8 of the Dungeon.
             The game lasted 00:15:07 (8955 turns).

Exodus22XD the Cleaver (Hill Orc Monk)              Turns: 8955, Time: 00:15:08

Health: -7/79      AC: 12    Str: 17    XL:     9   Next: 76%
Magic:  13/13      EV: 10    Int: 10    God:    Beogh [*****.]
Gold:   389        SH:  0    Dex: 13    Spells: 8/8 levels left

rFire    . . .     SeeInvis .   a - +3 war axe (vorpal)
rCold    . . .     Faith    .   (no shield)
rNeg     . . .     Spirit   .   b - +0 scale mail
rPois    .         Reflect  .   u - +0 helmet
rElec    .         Harm     .   f - +0 cloak
rCorr    .         Rampage  .   (no gloves)
Will     .....                  p - +0 pair of boots
Stlth    ..........             (no amulet)
HPRegen  0.23/turn              (no ring)
MPRegen  0.13/turn              (no ring)

@: no status effects
A: walk on water
a: Renounce Religion, Smiting, Recall Orcish Followers, Give Item to Named
Follower


You were on level 8 of the Dungeon.
You worshipped Beogh.
Beogh was extremely pleased with you.
You visited 1 branch of the dungeon, and saw 8 of its levels.
You also visited: Sewer.

You collected 389 gold pieces.

Inventory:

Hand Weapons
 a - a +3 vorpal war axe (weapon)
 y - a +3 vampiric spear
Armour
 b - a +0 scale mail (worn)
 f - a +0 cloak (worn)
 p - a +0 pair of boots (worn)
 u - a +0 helmet (worn)
Wands
 w - a wand of acid (13)
 C - a wand of digging (6)
 D - a wand of flame (20)
Scrolls
 c - 2 scrolls of fog
 d - 2 scrolls of enchant armour
 e - 2 scrolls of immolation {unknown}
 g - 5 scrolls of remove curse
 h - 5 scrolls of teleportation {unknown}
 m - a scroll of magic mapping {unknown}
 r - a scroll of holy word {unknown}
 t - 2 scrolls of fear {unknown}
 v - a scroll of brand weapon {unknown}
Potions
 i - a potion of invisibility {unknown}
 j - a potion of degeneration {unknown}
 k - a potion of lignification {unknown}
 l - a potion of berserk rage {unknown}
 n - 2 potions of resistance {unknown}
 o - a potion of mutation {unknown}
 q - a potion of flight {unknown}
 s - 2 potions of cancellation {unknown}
 x - 3 potions of curing {unknown}
 z - a potion of heal wounds {unknown}
 A - a potion of magic {unknown}
 B - a potion of attraction {unknown}


   Skills:
 + Level 7.0 Fighting
 + Level 10.9 Axes
 * Level 8.4 Armour
 - Level 2.4 Dodging
 - Level 1.5 Stealth
 * Level 6.3 Invocations


You had 8 spell levels left.
You didn't know any spells.
Your spell library contained the following spells:

 Spells                   Type           Power        Failure   Level
 Animate Skeleton         Necr           0%           71%         1
 Apportation              Tloc           0%           71%         1
 Corona                   Hex            0%           71%         1
 Sandblast                Erth           0%           71%         1
 Sting                    Tmut/Pois      0%           71%         1
 Summon Small Mammal      Summ           0%           71%         1
 Passwall                 Tmut/Erth      0%           85%         2
 Poisonous Vapours        Pois/Air       0%           85%         2
 Ignite Poison            Fire/Tmut/Pois 0%           97%         3
 Mephitic Cloud           Conj/Pois/Air  0%           97%         3
 Stone Arrow              Conj/Erth      0%           97%         3
 Olgreb's Toxic Radiance  Pois           0%           100%        4
 Petrify                  Tmut/Erth      0%           100%        4
 Lee's Rapid Deconstruct  Erth           0%           100%        5


Dungeon Overview and Level Annotations

Branches:
Dungeon (8/15)             Temple (0/1) D:7           Sewer (visited)
   Lair: D:8-11

Altars:
Elyvilon
Nemelex Xobeh
Vehumet

Annotations:
D:7 2 transporters, Eitelfritz's ghost, novice MiGl


Message History

* * * LOW HITPOINT WARNING * * *
Your orc hits the two-headed ogre from afar with a +0 trident!
Your orc wizard hits the killer bee with a cursed -2 dagger.
The killer bee stings your orc warrior.
Your orc warrior misses the killer bee.
Ognian looks satisfied for a moment.
The jackal barely misses Geork.
Your orc warrior barely misses the killer bee.
Geork completely misses the two-headed ogre.
You completely miss the two-headed ogre.
The two-headed ogre is almost dead.
The killer bee closely misses your orc warrior.
Your orc wizard casts a spell at itself.
Your orc wizard flickers and vanishes for a moment.
Your orc wizard points at itself and mumbles some strange words.
Your orc wizard flickers and vanishes for a moment.
Your orc hits the two-headed ogre but does no damage.
A wight comes into view. It is wielding a +0 battleaxe.
The killer bee barely misses your orc warrior.
The two-headed ogre hits you with a +0 giant club!!
You die...

#.#..# #o# # #.#<#.#..#
#o# .# # #.#.#.#..#
#o###.# .#.#.#.#..#
#o#... ..........#
###'#o# #)###.......#
#.....# ....oyo....#
#o..o.#
z#####ooo....###.....#
yzyyhhO@oo...........#
z#######o...)........###
+....>...........
#...#........####
#...#............
#####......#.####
#....#.#.# #....#...#
#....##..##


You could see a two-headed ogre, 4 killer bees, 3 wights, 2 jackals, 2 friendly
orc warriors, the friendly Geork the orc warrior, the friendly Ognian the orc
priest, 2 friendly orc wizards and 2 friendly orcs.

Vanquished Creatures
  A black bear (D:8)
  A phantom (D:5)
  A centaur (D:7)
  2 ogres (D:5)
  7 big kobolds
  A wyvern skeleton (D:6)
  2 scorpions
  3 killer bees (D:7)
  4 wights (D:6)
  4 howler monkeys
  A centaur zombie (D:5)
  A hound (D:8)
  2 jellies (D:7)
  An orc priest (D:7)
  A bullfrog skeleton (D:7)
  A gnoll shaman (D:7)
  An iguana (D:4)
  3 orc wizards
  4 worker ants
  A hound zombie (D:7)
  2 hound skeletons
  9 gnolls
  10 adders
  2 river rats (Sewer)
  4 white imps
  8 oozes
  2 adder skeletons (D:7)
  An adder zombie (D:7)
  3 worms
  A dart slug (D:3)
  8 leopard geckos
  23 orcs
  4 bats
  5 giant cockroaches
  9 goblins
  4 hobgoblins
  20 jackals
  2 quokkas
  7 ball pythons
  9 frilled lizards
  25 kobolds
  A leopard gecko skeleton (D:4)
  2 quokka skeletons (D:6)
  13 rats
216 creatures vanquished.

Vanquished Creatures (collateral kills)
  Prince Ribbit (D:8)
  3 bullfrogs
  4 killer bees
  A wight (D:6)
  An orc priest (D:5)
  A bullfrog skeleton (D:5)
  A worker ant (D:5)
  5 adders
  2 gnolls (D:6)
  A shadow imp (D:6)
  A white imp (D:6)
  An ufetubus (D:5)
  An orc (D:7)
  2 giant cockroaches (D:6)
  2 kobolds (D:8)
27 creatures vanquished.

Vanquished Creatures (others)
  An orc wizard (D:3)
  4 orcs
  9 plants (D:4)
14 creatures vanquished.

Grand Total: 257 creatures vanquished

Notes
Turn   | Place    | Note
-------+----------+-------------------------------------------
     0 | D:1      | Exodus22XD the Hill Orc Monk began the quest for the Orb.
     0 | D:1      | Reached XP level 1. HP: 19/19 MP: 1/1
   301 | D:1      | Reached XP level 2. HP: 19/27 MP: 2/2
   432 | D:1      | Reached skill level 1 in Armour
   493 | D:1      | Reached XP level 3. HP: 15/33 MP: 3/3
  1505 | D:1      | Reached skill level 5 in Axes
  1505 | D:1      | Reached XP level 4. HP: 14/41 MP: 4/4
  2577 | D:2      | Reached XP level 5. HP: 46/46 MP: 5/5
  3175 | D:3      | Reached skill level 6 in Axes
  3213 | D:3      | Became a worshipper of Beogh the Brigand
  3213 | D:3      | Reached * piety under Beogh
  3213 | D:3      | Reached ** piety under Beogh
  3820 | D:4      | Reached XP level 6. HP: 51/55 MP: 6/6
  3823 | D:4      | Reached skill level 1 in Invocations
  4011 | D:4      | Reached skill level 5 in Fighting
  4727 | D:5      | Entered Level 5 of the Dungeon
  4744 | D:5      | Reached skill level 7 in Axes
  4744 | D:5      | Reached XP level 7. HP: 29/61 MP: 8/8
  4989 | D:5      | Reached *** piety under Beogh
  5123 | D:5      | Reached skill level 5 in Armour
  5765 | D:5      | Reached XP level 8. HP: 51/69 MP: 10/10
  6019 | D:6      | Reached skill level 8 in Axes
  6239 | D:6      | Gained Ognian as an ally
  6265 | D:6      | Found a glowing drain.
  6281 | D:6      | Reached skill level 9 in Axes
  6295 | Sewer    | Entered a sewer
  6627 | Sewer    | Reached **** piety under Beogh
  7080 | Sewer    | Reached XP level 9. HP: 62/75 MP: 12/12
  7193 | Sewer    | Reached skill level 5 in Invocations
  7435 | D:6      | Found a white marble altar of Elyvilon.
  7897 | D:7      | Reached skill level 10 in Axes
  8135 | D:7      | Found a transporter.
  8139 | D:7      | Noticed Eitelfritz's ghost (novice MiGl)
  8180 | D:7      | Found a transporter.
  8204 | D:7      | Found a staircase to the Ecumenical Temple.
  8281 | D:7      | Found a radiant altar of Vehumet.
  8823 | D:8      | Found a sparkling altar of Nemelex Xobeh.
  8830 | D:8      | Reached ***** piety under Beogh
  8881 | D:8      | Noticed Prince Ribbit
  8886 | D:8      | Killed Prince Ribbit
  8944 | D:8      | Noticed a two-headed ogre
  8947 | D:8      | Gained Geork as an ally
  8955 | D:8      | Mangled by a two-headed ogre

Illustrated notes

Levels and vault maps discovered:
D:1:      tarquinn_simple_flora_water_f, layout_basic, serial_bayou_crossing
D:2:      layout_basic, minmay_tromino_v4_b
D:3:      layout_basic
D:4:      layout_rooms, minmay_lizard_king
D:5:      layout_basic, chequers_garden, minmay_misc_feat_hallway, st_stairs_2
D:6:      layout_cave_pools, kennysheep_mini_moat, gup_sewer_entry_glass
D:7:      layout_basic, minmay_temple_entry_wispy, gammafunk_ghost_stat_death,
          small_statue_intersection, vehumet_altar_wand_db
D:8:      layout_basic, basic_altar, uniq_prince_ribbit1

Skill      XL: |  1  2  3  4  5  6  7  8  9 |
---------------+----------------------------+-----
Fighting       | 4 5 6 7 |  7.0
Armour         | 1 2 3 4 5 7 8 |  8.4
Axes           | 5 6 7 9 10 | 10.9
Invocations    | 2 3 4 6 |  6.3
Dodging        | |  2.4
Stealth        | |  1.5

Action                   |  1- 3 |  4- 6 |  7- 9 || total
-------------------------+-------+-------+-------++-------
Melee: Hand axe          |   146 |   133 |       ||   279
       War axe           |       |   149 |   362 ||   511
Invok: Convert to Beogh  |       |     1 |       ||     1
       Recall Orcish Fol |       |       |     3 ||     3
  Use: Scroll            |     2 |     2 |     1 ||     5
 Stab: Sleeping          |     1 |       |       ||     1
       Distracted        |       |       |     2 ||     2
Armor: Scale mail        |   108 |   163 |   179 ||   450
       Robe              |     1 |       |       ||     1
Dodge: Dodged            |    95 |   183 |   169 ||   447
